 Dungeon Crawl Stone Soup version 0.24.0-1-gfbc8707 (webtiles) character file.

Game seed: 18182810501556430663, levelgen mode: deterministic

101 sanboga the Skirmisher (level 4, 0/29 HPs)
             Began as a Gargoyle Berserker on Nov 6, 2019.
             Was a Believer of Trog.
             Slain by Sigmund
             ... wielding a +0 scythe of slicing
              (1 damage)
             ... on level 2 of the Dungeon.
             The game lasted 00:02:30 (1400 turns).

sanboga the Skirmisher (Gargoyle Berserker)         Turns: 1400, Time: 00:02:31

Health: 0/29       AC: 16    Str: 22    XL:     4   Next: 75%
Magic:  0/4        EV:  6    Int:  7    God:    Trog [**....]
Gold:   97         SH:  0    Dex:  9    Spells: 3/3 levels left

rFire    . . .     SeeInvis .   a - +0 hand axe
rCold    . . .     Gourm    .   (no shield)
rNeg     + . .     Faith    .   g - +1 plate armour
rPois    ∞         Spirit   +   (no helmet)
rElec    +         Reflect  .   (no cloak)
rCorr    .         Harm     .   (no gloves)
MR       .....                  (no boots)
Stlth    ..........             e - amulet of guardian spirit
HPRegen  0.09/turn              (no ring)
MPRegen  0.09/turn              (no ring)

@: berserk cooldown, flying, starving, slowed, very slow
A: big wings, talons 1, high mp 1, negative energy resistance 1, electricity
resistance, unbreathing, petrification resistance, rot immunity, AC +3
a: Stop Flying, Berserk, Trog's Hand, Renounce Religion


You were on level 2 of the Dungeon.
You worshipped Trog.
Trog was pleased with you.
You were starving.

You visited 1 branch of the dungeon, and saw 2 of its levels.

You collected 97 gold pieces.

Inventory:

Hand Weapons
 a - a +0 hand axe (weapon)
Armour
 g - a +1 plate armour (worn)
Jewellery
 e - an amulet of guardian spirit (around neck)
Comestibles
 c - 7 rations


   Skills:
 + Level 4.0 Fighting
 * Level 3.9 Axes
 + Level 3.2 Armour
 - Level 1.5 Dodging


You had 3 spell levels left.
You didn't know any spells.
Your spell library was empty.

Dungeon Overview and Level Annotations

Branches:
Dungeon (2/15)

Altars:
The Shining One

Annotations:
D:2 Sigmund


Innate Abilities, Weirdness & Mutations

You are resistant to torment.
Your stone body is resilient. (AC +3)
You are immune to poison.
You resist negative energy. (rN+)
You are resistant to electric shocks. (rElec)
You can survive without breathing.
You are immune to petrification.
You are immune to rotting.
Your large and strong wings let you fly indefinitely.
You have sharp toenails.
You have an increased reservoir of magic. (+10% MP)


Message History

You closely miss something. Your kick misses something.
You closely miss the hobgoblin. You hit the goblin.
The hobgoblin hits you but does no damage.
Something hits you but does no damage.
The goblin hits you with a cursed +0 club.
* * * LOW HITPOINT WARNING * * *
The hobgoblin hits you but does no damage.
The goblin barely misses you.
You miss something. You closely miss the goblin. You barely miss the hobgoblin.
Something hits you.
* * * LOW HITPOINT WARNING * * *
x2 The hobgoblin hits you but does no damage.
The goblin barely misses you.
You miss something. You claw something. You closely miss the hobgoblin.
You closely miss the goblin. Something hits you but does no damage.
The hobgoblin closely misses you. The goblin barely misses you.
The hobgoblin hits you but does no damage.
The goblin closely misses you. Something hits you.
* * * LOW HITPOINT WARNING * * *
You die...

..................).#
....................#
....................#
....................#
...........##########
...........# ##########
....?......# #$.(.....#
.).........###..).....##..
.............)){@)........
...........###.gg.....##.
.#.######### #........# #
..>..... ............# #.
## ######## .........##.#
###.####. ... ........#.#
.# #........ ##.##
#.#####.#.# . #........
..... .. #.#.#
#.##...(.... .#.## #.#.#
...........


You could see a hobgoblin and a goblin.

Vanquished Creatures
  Terence (D:2)
  Robin (D:2)
  2 adders (D:2)
  A leopard gecko (D:1)
  3 ball pythons (D:1)
  2 giant cockroaches
  11 goblins
  3 hobgoblins
  3 jackals (D:1)
  4 bats (D:1)
  5 frilled lizards
  5 kobolds (D:1)
  2 rats (D:1)
43 creatures vanquished.

Notes
Turn   | Place    | Note
-------+----------+-------------------------------------------
     0 | D:1      | sanboga the Gargoyle Berserker began the quest for the Orb.
     0 | D:1      | Reached XP level 1. HP: 14/14 MP: 1/1
   250 | D:1      | Reached XP level 2. HP: 19/19 MP: 2/2
   385 | D:1      | Found a glowing golden altar of the Shining One.
   542 | D:1      | Reached XP level 3. HP: 23/23 MP: 3/3
   553 | D:1      | Reached ** piety under Trog
  1105 | D:2      | Noticed Terence
  1155 | D:2      | Killed Terence
  1155 | D:2      | Reached XP level 4. HP: 20/29 MP: 4/4
  1325 | D:2      | Noticed Sigmund
  1340 | D:2      | Reached skill level 4 in Fighting
  1350 | D:2      | Gained mutation: You have an increased reservoir of magic.
                  | (+10% MP) [potion of mutation]
  1350 | D:2      | Gained mutation: Your large and strong wings let you fly
                  | indefinitely. [potion of mutation]
  1350 | D:2      | Gained mutation: You have sharp toenails. [potion of
                  | mutation]
  1359 | D:2      | Noticed Robin
  1384 | D:2      | Killed Robin
  1400 | D:2      | HP: 1/29 [something (2)]
  1400 | D:2      | Slain by Sigmund

Levels and vault maps discovered:
D:1:      erik_arrival_triangle_small, layout_basic, minmay_hexomino_r4
D:2:      layout_basic, first_ration, uniq_terence, uniq_sigmund, uniq_robin

Skill      XL: |  1  2  3  4 |
---------------+-------------+-----
Axes           | 3 |  3.9
Armour         | 3 |  3.2
Fighting       | 4 |  4.0
Dodging        | |  1.5

Action                   |  1- 3 |  4- 6 || total
-------------------------+-------+-------++-------
Melee: Hand axe          |   205 |    50 ||   255
       Kick              |       |     5 ||     5
Invok: Berserk           |       |     1 ||     1
 Abil: Fly               |       |     1 ||     1
  Use: Scroll            |     5 |       ||     5
       Potion            |     2 |     3 ||     5
  Eat: Chunk             |     1 |       ||     1
Armor: Plate armour      |   129 |    72 ||   201
       Animal skin       |    10 |       ||    10
Dodge: Dodged            |    85 |    16 ||   101
